 Dungeon Crawl Stone Soup version 0.29-a0-297-g7659ce593d (webtiles) character file.

Game seed: 7207852955916995858

512 Dabor the Ruffian (level 7, -10/36 HPs)
             Began as a Vine Stalker Transmuter on Mar 21, 2022.
             Killed from afar by an oklob plant (20 damage)
             ... with a splash of acid
             ... created by the enmity of Fedhas Madash
             ... on level 4 of the Dungeon.
             The game lasted 00:05:48 (4579 turns).

Dabor the Ruffian (Vine Stalker Transmuter)         Turns: 4579, Time: 00:05:49

Health: -10/36     AC: -3    Str: 15    XL:     7   Next: 19%
Magic:  0/14       EV: 13    Int: 13    God:
Gold:   220        SH:  0    Dex: 14    Spells: 8/14 levels left

rFire   . . .      SeeInvis .     - Unarmed
rCold   . . .      Faith    .   (no shield)
rNeg    . . .      Spirit   +   r - +1 robe {Archmagi}
rPois   .          Reflect  .   (no helmet)
rElec   .          Harm     .   (no cloak)
rCorr   .          Rampage  .   p - +0 pair of gloves
Will    .....      Archmagi +   m - +0 pair of boots
Stlth   +.........              (no amulet)
HPRegen 0.92/turn               (no ring)
MPRegen 0.14/turn               (no ring)

@: about to teleport, corroded, very slow
A: fangs 2, regeneration 1, magic shield, antimagic bite, no potion heal 2
a: no special abilities


You were on level 4 of the Dungeon.
You visited 1 branch of the dungeon, and saw 4 of its levels.

You collected 220 gold pieces.

Inventory:

Armour
 m - a +0 pair of boots (worn)
 p - a +0 pair of gloves (worn)
 r - a +1 robe of the Archmagi (worn)
Jewellery
 d - a ring of ice
 s - an amulet of the acrobat
Wands
 u - a wand of flame (14)
Scrolls
 a - a scroll of vulnerability {unknown}
 e - 3 scrolls of identify
 j - a scroll of holy word
 k - a scroll of brand weapon {unknown}
 o - a scroll of silence {unknown}
 q - a scroll of enchant armour {unknown}
 t - a scroll of fog {unknown}
Potions
 b - a potion of lignification
 f - a potion of cancellation {unknown}
 g - 2 potions of curing {unknown}
 h - 2 potions of might {unknown}
 l - a potion of heal wounds {unknown}
 n - a potion of brilliance {unknown}


   Skills:
 + Level 3.0 Fighting
 + Level 3.0 Dodging
 + Level 4.3 Unarmed Combat
 + Level 4.0 Spellcasting
 + Level 3.7 Transmutations


You had 8 spell levels left.
You knew the following spells:

 Your Spells              Type           Power      Damage    Failure   Level
a - Beastly Appendage     Tmut           36%        N/A       4%          1
b - Wereblood             Tmut           18%        N/A       7%          2
c - Spider Form           Tmut/Pois      11%        N/A       28%         3

Your spell library contained the following spells:

 Spells                   Type           Power      Damage    Failure   Level
 Ice Form                 Ice/Tmut       11%        N/A       67%         4


Dungeon Overview and Level Annotations

Branches:
Dungeon (4/15)
 Temple: D:4-7

Altars:
Fedhas
Qazlal

Annotations:
D:2 Natasha
D:4 exclusion: 7 oklob plants


Innate Abilities, Weirdness & Mutations

You have extremely sharp teeth.
Your natural rate of healing is unusually fast.
When hurt, damage is shared between your health and your magic reserves.
Your bite disrupts and absorbs the magic of your enemies.
Potions cannot restore your health.


Message History

Your +0 pair of boots unmelds from your body.
Plants grow around you in an ominous manner.
Marking area around 6 oklob plants as unsafe for travelling.
You finish memorising.
Spell assigned to 'c'.
As you read the scroll labelled FUT LEBBEISED JEU, it crumbles to dust.
It is a scroll of identify.
j - a scroll of holy word Marking area around 6 oklob plants as unsafe for travelling.
Okay, then.
As you read the scroll labelled DUCKATU TORAF, it crumbles to dust.
You feel strangely unstable.
It was a scroll of teleportation.
The oklob plant spits acid at you. The splash of acid misses you.
Fedhas protects a plant from harm.
The oklob plant spits acid at you.
Fedhas protects a plant from harm.
The splash of acid misses you.
Fedhas protects a plant from harm.
The oklob plant spits acid at you. The splash of acid hits you!
The acid corrodes you!
You enter the shallow water.
Moving in this stuff is going to be slow.
An oklob plant comes into view.
The oklob plant spits acid at you.
Fedhas protects a plant from harm.
The splash of acid hits you!!
Ouch! That really hurt!
* * * LOW HITPOINT WARNING * * *
The acid corrodes you!
Marking area around an oklob plant as unsafe for travelling.
Okay, then.
As you read the scroll labelled QIEXELE WOUKHO, it crumbles to dust.
You hear a loud clanging noise!
It was a scroll of noise.
You hear an angry hiss.
The oklob plant spits acid at you.
Fedhas protects a plant from harm.
The splash of acid hits you!!
Ouch! That really hurt!
You die...

....≈ #≈.....≈#######
....≈# ##≈......'.....#
....≈≈####≈≈P.....##....#
....P≈≈≈≈≈≈.......##....#
P.................#####.#
.≈≈...PPP....≈≈..######.#
..≈.....†.P).≈.P...>.....
#....P....P..P.#........#
#......P@.....##........'
#P.....≈#P...###........#
#.....######## #.########
#..P.. #.# ##.... #.#
#.... #.# #..# #.. ###


You could see 6 oklob plants.

Vanquished Creatures
  Eustachio (D:4)
  Blork the orc (D:4)
  A hound (D:4)
  2 orc priests (D:4)
  Jessica (D:2)
  Natasha (D:2)
  Robin (D:4)
  7 adders
  2 worms (D:2)
  4 orcs
  3 endoplasms
  5 giant cockroaches
  13 goblins
  12 hobgoblins
  6 jackals
  A quokka (D:3)
  A ball python (D:2)
  8 bats
  7 frilled lizards
  5 kobolds
  3 rats (D:2)
85 creatures vanquished.

Notes
Turn   | Place    | Note
-------+----------+-------------------------------------------
     0 | D:1      | Dabor the Vine Stalker Transmuter began the quest for the
                  | Orb.
     0 | D:1      | Reached XP level 1. HP: 9/9 MP: 4/4
    70 | D:1      | Reached skill level 1 in Fighting
   257 | D:1      | Reached XP level 2. HP: 13/14 MP: 6/6
  1192 | D:1      | Learned a level 2 spell: Wereblood
  1219 | D:2      | Reached XP level 3. HP: 13/18 MP: 5/7
  2002 | D:2      | Noticed Jessica
  2012 | D:2      | Killed Jessica
  2013 | D:2      | Gained mutation: Your natural rate of healing is unusually
                  | fast. [Vine Stalker growth]
  2013 | D:2      | Reached XP level 4. HP: 15/23 MP: 7/9
  2062 | D:2      | Noticed Natasha
  2071 | D:2      | Killed Natasha
  2634 | D:2      | Noticed Natasha
  2674 | D:3      | Reached XP level 5. HP: 26/26 MP: 8/10
  3413 | D:3      | Found a faded altar of an unknown god.
  3655 | D:3      | Prayed at the altar of an unknown god.
  3655 | D:3      | Became a worshipper of Fedhas Madash
  3655 | D:3      | Reached * piety under Fedhas
  3656 | D:3      | Fell from the grace of Fedhas
  3747 | D:4      | Noticed Blork the orc
  3750 | D:4      | Found a stormy altar of Qazlal.
  3760 | D:4      | Killed Blork the orc
  3761 | D:4      | Reached XP level 6. HP: 15/31 MP: 7/12
  4018 | D:4      | Noticed Robin
  4034 | D:4      | Killed Robin
  4532 | D:4      | Noticed Eustachio
  4564 | D:4      | Killed Eustachio
  4565 | D:4      | Reached XP level 7. HP: 36/36 MP: 11/14
  4575 | D:4      | Noticed an oklob plant
  4575 | D:4      | Noticed an oklob plant
  4575 | D:4      | Noticed an oklob plant
  4575 | D:4      | Noticed an oklob plant
  4575 | D:4      | Noticed an oklob plant
  4575 | D:4      | Noticed an oklob plant
  4575 | D:4      | Learned a level 3 spell: Spider Form
  4578 | D:4      | Noticed an oklob plant
  4579 | D:4      | Killed from afar by an oklob plant

Illustrated notes

Levels and vault maps discovered:
D:1:      eino_arrival_tree_alley, layout_loops_ring, grunt_decor_cap,
          minmay_misc_feat_square
D:2:      layout_loops_corners, uniq_jessica, uniq_natasha
D:3:      layout_basic, dilly_ecumenical_altar_fadedgnrine
D:4:      nicolae_BIG_FREAKIN_CUBE, layout_basic, mainiacjoe_overflow_alcove_2,
          mainiacjoe_overflow_catwalk, kennysheep_decorative_pillar,
          serial_park_tiny_1, eino_tiny_chamber, uniq_robin, uniq_eustachio,
          uniq_blork_the_orc

Skill      XL: |  1  2  3  4  5  6 |
---------------+-------------------+-----
Fighting       | 1 2 3 |  3.0
Dodging        | 2 3 |  3.0
Spellcasting   | 3 4 |  4.0
Transmutations | 3 |  3.7
Unarmed Combat | 4 |  4.3

Action                   |  1- 3 |  4- 6 |  7- 9 || total
-------------------------+-------+-------+-------++-------
Melee: Unarmed           |   114 |   170 |       ||   284
       Bite              |    31 |    37 |       ||    68
       Kick              |       |    22 |       ||    22
       Headbutt          |       |    12 |       ||    12
       Punch             |       |     4 |       ||     4
 Cast: Beastly Appendage |       |    22 |       ||    22
       Wereblood         |       |     9 |       ||     9
Invok: Renounce Religion |       |     1 |       ||     1
  Use: Scroll            |       |       |     3 ||     3
 Stab: Distracted        |     1 |       |       ||     1
Armor: Robe              |    31 |    41 |       ||    72
Dodge: Dodged            |    91 |    99 |     2 ||   192

Table legend: (Time is in decaauts)
 A = Elapsed time spent in this place.
 B = Non-inter-level travel time spent in this place.
 C = Inter-level travel time spent in this place.
 D = Time resting spent in this place.
 E = Time spent auto-exploring this place.
 F = Levels seen in this place.
 G = Mean time per level.
                   A        B        C        D        E       F      G
               +--------+--------+--------+--------+--------+-----+--------+
         Total |   4562 |   4315 |    247 |    163 |   3413 |   4 | 1140.5 |
       Dungeon |   4562 |   4315 |    247 |    163 |   3413 |   4 | 1140.5 |
               +--------+--------+--------+--------+--------+-----+--------+

Top non-repeatable levels by time:
     D:2: 1427 daAuts
     D:3: 1259 daAuts
     D:1: 1198 daAuts
     D:4: 678 daAuts
